 Dungeon Crawl Stone Soup version 0.25-a0-388-g41a7e554cb (webtiles) character file.

Game seed: 16972401908458732864, levelgen mode: deterministic

9916 Borgoz the Basher (level 11, -9/71 HPs)
             Began as a Gargoyle Berserker on Jan 7, 2020.
             Was an Elder of Trog.
             Mangled by an orc knight
             ... wielding a +2 bardiche
              (12 damage)
             ... on level 11 of the Dungeon.
             The game lasted 00:11:14 (9196 turns).

Borgoz the Basher (Gargoyle Berserker)              Turns: 9196, Time: 00:11:14

Health: -9/71      AC: 16    Str: 24    XL:     11   Next: 54%
Magic:  3/3        EV: 15    Int:  8    God:    Trog [****..]
Gold:   660        SH:  0    Dex:  9    Spells: 10/10 levels left

rFire    . . .     SeeInvis .   G - +2 dire flail (antimagic)
rCold    . . .     Gourm    .   (shield currently unavailable)
rNeg     + . .     Faith    .   E - +0 steam dragon scales
rPois    ∞         Spirit   .   (no helmet)
rElec    +         Reflect  .   F - +0 cloak
rCorr    .         Harm     .   (no gloves)
MR       .....                  (no boots)
Stlth    +.........             (no amulet)
HPRegen  0.21/turn              (no ring)
MPRegen  0.08/turn              (no ring)

@: berserk cooldown, slowed, very slow
A: negative energy resistance 1, electricity resistance, unbreathing,
petrification resistance, rot immunity, AC +8
a: Berserk, Trog's Hand, Brothers in Arms, Renounce Religion


You were on level 11 of the Dungeon.
You worshipped Trog.
Trog was greatly pleased with you.
You were not hungry.

You visited 1 branch of the dungeon, and saw 11 of its levels.

You collected 660 gold pieces.

Inventory:

Hand Weapons
 t - a +5 dire flail of protection
 v - the +5 halberd of Abomination {pain, rF+ Str+4, unknown}
   (You found it on level 9 of the Dungeon)

   In the hands of one skilled in necromantic magic, it inflicts extra damage on
   living creatures.
   It affects your strength (+4).
   It protects you from fire.
 D - the +3 rapier "Pemmuimas" {flame, Str+2, unknown}
   (Trog gifted it to you on level 7 of the Dungeon)

   It has been specially enchanted to burn those struck by it, causing extra
   injury to most foes and up to half again as much damage against particularly
   susceptible opponents.
   It affects your strength (+2).
 G - a +2 antimagic dire flail (weapon)
Armour
 E - +0 steam dragon scales (worn)
 F - a +0 cloak (worn)
Jewellery
 n - the amulet "Murein" {Spirit MR+ Int+3 Dex+3, unknown}
   (You found it on level 9 of the Dungeon)

   [amulet of guardian spirit]

   It causes incoming damage to be split between your health and magic.
   It affects your intelligence (+3).
   It affects your dexterity (+3).
   It affects your resistance to hostile enchantments.
 A - an uncursed ring of protection from cold {unknown}
 B - an uncursed ring of fire
Wands
 h - a wand of acid (15)
 w - a wand of disintegration (14)
 C - a wand of flame (45)
Scrolls
 a - 3 scrolls of magic mapping {unknown}
 b - 12 scrolls of identify {unknown}
 e - 7 scrolls of amnesia {unknown}
 g - 3 scrolls of random uselessness {unknown}
 i - 2 scrolls of enchant armour {unknown}
 k - 2 scrolls of teleportation {unknown}
 m - 6 scrolls of remove curse {unknown}
 p - 2 scrolls of immolation {unknown}
 r - 2 scrolls of noise {unknown}
 u - 2 scrolls of blinking {unknown}
 x - 3 scrolls of fear {unknown}
 y - 2 scrolls of fog {unknown}
 z - a scroll of enchant weapon {unknown}
Potions
 d - a potion of heal wounds
 f - a potion of magic {unknown}
 j - 2 potions of curing {unknown}
 l - 2 potions of lignification {unknown}
 o - 3 potions of flight {unknown}
 q - a potion of agility {unknown}
 s - 2 potions of degeneration {unknown}
 I - a potion of cancellation {unknown}
Comestibles
 c - 23 rations
 H - a chunk of flesh


   Skills:
 + Level 9.4 Fighting
 * Level 11.6 Maces & Flails
 + Level 9.0 Armour
 + Level 6.9 Dodging


You had 10 spell levels left.
You didn't know any spells.
Your spell library was empty.

Dungeon Overview and Level Annotations

Branches:
Dungeon (11/15)            Temple (0/1) D:4            Lair (0/6) D:8
    Orc (0/2) D:11

Altars:
Ashenzari
Cheibriados
Dithmenos
Okawaru
Sif Muna
Uskayaw
Xom
Beogh


Innate Abilities, Weirdness & Mutations

You are resistant to torment.
Your stone body is resilient. (AC +8)
You are immune to poison.
You resist negative energy. (rN+)
You are resistant to electric shocks. (rElec)
You can survive without breathing.
You are immune to petrification.
You are immune to rotting.


Message History

You feel much better. The jackal closely misses you.
The fire giant barely misses you. The jackal closely misses you.
The orc knight roars a battlecry!
The orc knight goes into a battle-frenzy!
You completely miss the fire giant.
The jackal bites you but does no damage.
A jackal comes into view.
The fire giant hits you with a +2 great sword of flaming!
The fire giant burns you.
The orc knight hits you from afar with a +2 bardiche!!
* * * LOW HITPOINT WARNING * * *
The jackal bites you but does no damage.
The jackal barks!
You hear a shout!
You hit the fire giant but do no damage.
The jackal bites you but does no damage.
The fire giant gestures at you while chanting.
The bolt of fire hits you but does no damage.
The bolt of fire misses the jackal.
The orc knight hits you from afar with a +2 bardiche!
You die...

##########
..#.#.#..
..>......# #. ..
#.#.. ..#.#
.........#...
.#....#. .#...
.._..⌠...#..#
....#.#.. ..#.#
.....o...#..#
.#..#. #. .# .#
8..ooo.#..# #h...#
.# #. #
#####8o8##..# ...
. . ......)o....#
##h# ......))o...#
##@#
.........o..###C##
######....o.##o##
#...$.o#o##
#.....oo#.C:#}.##.
#......#.##)")##.#
# #......##.#
.##.# # #...>..#
#.# #.# # #......#
#.#.# #


You could see a fire giant, 2 orc knights, 2 orcs and 2 jackals.

Vanquished Creatures
  A two-headed ogre (D:10)
  Sonja (D:10)
  2 unseen horrors (D:11)
  Grinder (D:4)
  A hornet (D:11)
  2 trolls
  A wind drake (shapeshifter) (D:10)
  A hippogriff (D:9)
  A meliai zombie (D:11)
  A shadow (D:11)
  A wyvern (D:8)
  4 hogs (D:7)
  Sigmund (D:6)
  A steam dragon (D:8)
  A human (D:7)
  Edmund (D:4)
  A water moccasin (D:5)
  Duvessa (D:4)
  An ice beast (D:5)
  8 orc warriors
  2 sky beasts
  An eye of draining (D:10)
  3 phantoms
  A necrophage (D:7)
  5 ogres
  A centaur (D:11)
  Blork the orc (D:5)
  3 bullfrogs
  A gnoll sergeant (D:8)
  Dowan (D:4)
  A wyvern zombie (D:7)
  2 scorpions
  3 wights (D:9)
  A killer bee (D:11)
  A howler monkey (D:8)
  4 bullfrog zombies
  3 crimson imps
  5 centaur zombies (D:5)
  3 hounds
  2 jellies
  3 quasits
  7 orc priests
  3 centaur skeletons
  4 orc wizards
  4 bullfrog skeletons
  6 worker ants
  An iguana (D:4)
  4 hound zombies
  3 hound skeletons
  3 worker ant zombies (D:5)
  12 gnolls
  11 adders
  An ooze (D:3)
  3 adder zombies
  An adder skeleton (D:5)
  2 worms
  5 dart slugs
  4 leopard geckos
  35 orcs
  2 ball pythons
  6 giant cockroaches
  4 goblins
  14 hobgoblins
  4 jackals (D:9)
  7 kobolds
  3 quokkas
  15 bats
  3 frilled lizards
  A jackal zombie (D:5)
  2 leopard gecko skeletons
  A leopard gecko zombie (D:8)
  A quokka skeleton (D:7)
  2 quokka zombies
  7 rats
260 creatures vanquished.

Notes
Turn   | Place    | Note
-------+----------+-------------------------------------------
     0 | D:1      | Borgoz the Gargoyle Berserker began the quest for the Orb.
     0 | D:1      | Reached XP level 1. HP: 14/14 MP: 1/1
    87 | D:1      | Reached XP level 2. HP: 19/19 MP: 2/2
   644 | D:1      | Reached XP level 3. HP: 23/23 MP: 3/3
   766 | D:1      | Reached ** piety under Trog
  1174 | D:2      | Reached XP level 4. HP: 19/29 MP: 4/4
  1531 | D:2      | Reached skill level 4 in Maces & Flails
  1734 | D:3      | Reached XP level 5. HP: 23/33 MP: 5/5
  1745 | D:3      | Reached *** piety under Trog
  2337 | D:4      | Noticed Duvessa
  2337 | D:4      | Noticed Dowan
  2461 | D:4      | Found a hide-covered altar of Uskayaw.
  2474 | D:4      | Killed Duvessa
  2474 | D:4      | Reached XP level 6. HP: 36/39 MP: 6/6
  2489 | D:4      | Killed Dowan
  2489 | D:4      | Reached skill level 5 in Maces & Flails
  2725 | D:4      | Noticed Edmund
  2775 | D:4      | Killed Edmund
  2775 | D:4      | Reached XP level 7. HP: 26/44 MP: 7/7
  3002 | D:4      | Found a staircase to the Ecumenical Temple.
  3026 | D:4      | Noticed Grinder
  3026 | D:4      | Paralysed by Grinder for 6 turns
  3038 | D:4      | Killed Grinder
  3038 | D:4      | Reached skill level 5 in Fighting
  3038 | D:4      | Reached skill level 6 in Maces & Flails
  3198 | D:5      | Entered Level 5 of the Dungeon
  3271 | D:5      | Reached XP level 8. HP: 48/49 MP: 8/8
  3301 | D:5      | Noticed Blork the orc
  3310 | D:5      | Killed Blork the orc
  3332 | D:5      | Reached skill level 5 in Armour
  3596 | D:5      | Reached skill level 7 in Maces & Flails
  3624 | D:5      | Reached **** piety under Trog
  3760 | D:5      | Found a shattered altar of Ashenzari.
  3824 | D:5      | Found an iron altar of Okawaru.
  4028 | D:6      | Reached XP level 9. HP: 43/56 MP: 9/9
  4332 | D:6      | Noticed Sigmund
  4343 | D:6      | Killed Sigmund
  4343 | D:6      | Reached skill level 8 in Maces & Flails
  4608 | D:7      | Reached ***** piety under Trog
  4608 | D:7      | Received a gift from Trog
  4618 | D:7      | Got an encrusted rapier {god gift}
  4710 | D:7      | Reached skill level 5 in Dodging
  4720 | D:7      | Reached skill level 9 in Maces & Flails
  5197 | D:8      | Reached XP level 10. HP: 43/63 MP: 10/10
  5307 | D:8      | Found a shimmering blue altar of Sif Muna.
  5588 | D:8      | Found a staircase to the Lair.
  5965 | D:8      | Found a snail-covered altar of Cheibriados.
  6376 | D:9      | Reached skill level 10 in Maces & Flails
  6387 | D:9      | Found a shadowy altar of Dithmenos.
  6390 | D:9      | Found a shimmering altar of Xom.
  6692 | D:9      | Got an ichor-stained halberd
  6977 | D:9      | Got a warped bronze amulet
  7593 | D:10     | Entered Level 10 of the Dungeon
  7616 | D:10     | Found a shadowy altar of Dithmenos.
  7641 | D:10     | Noticed Sonja
  7655 | D:10     | Killed Sonja
  8299 | D:10     | Reached XP level 11. HP: 69/69 MP: 11/11
  8320 | D:10     | Noticed a two-headed ogre
  8328 | D:10     | Killed a two-headed ogre
  8328 | D:10     | Reached skill level 11 in Maces & Flails
  8336 | D:10     | Received a gift from Trog
  8632 | D:11     | Killed an unseen horror
  8765 | D:11     | Killed an unseen horror
  9148 | D:11     | Found a roughly hewn altar of Beogh.
  9156 | D:11     | Found a staircase to the Orcish Mines.
  9158 | D:11     | Noticed an orc knight
  9176 | D:11     | Noticed an orc knight
  9190 | D:11     | Noticed a fire giant
  9195 | D:11     | HP: 3/71 [orc knight/+2 bardiche (27)]
  9196 | D:11     | Mangled by an orc knight

Levels and vault maps discovered:
D:1:      onia_arrival_mini_spirals, layout_rooms
D:2:      layout_rooms, first_ration, minmay_tetromino_l4
D:3:      layout_basic, minmay_misc_feat_cross
D:4:      layout_rooms, eat_drink_and_be_merry_uskayaw,
          minmay_temple_entry_hall, uniq_duvessa, uniq_grinder, uniq_edmund
D:5:      layout_cave_pools, okawaru_altar_gauntlet_db,
          ashenzari_conservatory_becter, serial_undead, serial_undead_e,
          serial_undead_e, serial_undead_c, serial_undead_a, serial_undead_a,
          serial_undead_c, serial_undead_a, uniq_blork_the_orc
D:6:      minmay_chambers_of_fours, layout_rooms, uniq_sigmund
D:7:      layout_basic, grunt_livestock
D:8:      layout_basic, overflow_temple_1_default, lair_entry_dummy,
          serial_rivers, chequers_serial_rivers_micro_d,
          chequers_serial_rivers_large_a, chequers_serial_rivers_room_a,
          chequers_serial_rivers_room_b, chequers_serial_rivers_micro_d,
          basic_altar, chequers_jeans
D:9:      layout_basic, chequers_temple_overflow_statue_of_worship,
          serial_glass, glass_columns_a, glass_columns_a
D:10:     layout_basic, basic_altar, uniq_sonja
D:11:     minmay_the_grid_3x2 [minmay_the_grid_gridbox,
          minmay_the_grid_dragon_b, minmay_the_grid_stretched_grid,
          minmay_the_grid_pillar_ring, minmay_the_grid_minigrid_small_alt,
          minmay_the_grid_prize_diamond_cup], layout_irregular_city, david_orc_5

Skill      XL: |  1  2  3  4  5  6  7  8  9 10 11 |
---------------+----------------------------------+-----
Dodging        | 2 3 4 5 6 |  6.9
Maces & Flails | 4 5 6 7 9 10 11 | 11.6
Armour         | 3 4 5 7 8 9 |  9.0
Fighting       | 4 5 6 7 8 9 |  9.4

Action                   |  1- 3 |  4- 6 |  7- 9 | 10-12 || total
-------------------------+-------+-------+-------+-------++-------
Melee: Mace              |    92 |       |       |       ||    92
       Whip              |    21 |   153 |       |       ||   174
       Dire flail        |       |       |   340 |   345 ||   685
Invok: Berserk           |     1 |       |     1 |     3 ||     5
       Trog's Hand       |       |       |       |     1 ||     1
  Use: Potion            |       |     1 |       |     2 ||     3
 Stab: Sleeping          |       |     1 |       |       ||     1
  Eat: Chunk             |     2 |     5 |     9 |     9 ||    25
       Ration            |       |       |       |     2 ||     2
Armor: Animal skin       |    65 |     8 |       |       ||    73
       Scale mail        |       |    70 |   215 |    33 ||   318
       Steam dragon scal |       |       |       |   184 ||   184
Dodge: Dodged            |   113 |   105 |   273 |   222 ||   713

Table legend:
 A = Non-vault XP
 B = Vault XP
 C = Vault XP percentage of total XP
 D = Non-vault monster count
 E = Vault monster count
 F = Vault count percentage of total count
                 A         B        C        D         E       F
            +---------+---------+-------+---------+---------+-------
      Total |    9146 |    5021 |  35.4 |     196 |      64 |  24.6
            +---------+---------+-------+---------+---------+-------
        D:1 |      51 |       0 |   0.0 |      25 |       0 |   0.0
        D:2 |      57 |       7 |  10.9 |      18 |       4 |  18.2
        D:3 |      67 |       0 |   0.0 |      22 |       0 |   0.0
        D:4 |     156 |     683 |  81.4 |       5 |       4 |  44.4
        D:5 |     579 |     532 |  47.9 |      10 |      24 |  70.6
        D:6 |     293 |     340 |  53.7 |      10 |       6 |  37.5
        D:7 |     857 |     938 |  52.3 |      28 |       5 |  15.2
        D:8 |    1831 |       0 |   0.0 |      37 |       0 |   0.0
        D:9 |     997 |       0 |   0.0 |      17 |       0 |   0.0
       D:10 |    2656 |     814 |  23.5 |      18 |       1 |   5.3
       D:11 |    1602 |    1707 |  51.6 |       6 |      20 |  76.9
            +---------+---------+-------+---------+---------+-------
